 Dungeon Crawl Stone Soup version 0.20.1-1-g8b1a95d (webtiles) character file.

2736 Zedayar the Grappler (level 9, 0/129 (130) HPs)
             Began as a Troll Berserker on Aug 25, 2017.
             Was a High Priest of Trog.
             Succumbed to a soldier ant's poison
             ... on level 8 of the Dungeon on Aug 26, 2017.
             The game lasted 00:33:30 (6091 turns).

Zedayar the Grappler (Troll Berserker)              Turns: 6091, Time: 00:33:30

HP:   0/129 (130)   AC: 12    Str: 35    XL:     9   Next: 40%
MP:   1/13          EV: 11    Int:  3    God:    Trog [*****.]
Gold: 354           SH:  0    Dex: 11    Spells: 8/8 levels left

rFire    . . .     SeeInvis .   J - +0 giant club
rCold    . . .     Gourm    +   (shield currently unavailable)
rNeg     . . .     Faith    .   I - +4 moon troll leather armour {Spirit, Regen++ MP+5}
rPois    .         Spirit   +   (helmet restricted)
rElec    .         Reflect  .   (no cloak)
rCorr    .         Harm     .   (gloves unavailable)
MR       .....                  (boots unavailable)
Stlth    ..........             (no amulet)
Regen    1.6/turn               (no ring)
MPRegen  0.2/turn               (no ring)

@: berserking, lethally poisoned (0 -> -7), very quick
A: unfitting armour, claws 3, horns 1, agile 1, fast metabolism 3, gourmand,
regeneration 1, shaggy fur 2, tough skin 2, MP-powered wands
a: Berserk, Trog's Hand, Brothers in Arms, Burn Spellbooks, Renounce Religion


You were on level 8 of the Dungeon.
You worshipped Trog.
Trog was extremely pleased with you.
You were full.

You visited 2 branches of the dungeon, and saw 9 of its levels.

You collected 354 gold pieces.

Inventory:

Hand Weapons
 J - a +0 giant club (weapon)
Missiles
 G - 3 exploding tomahawks (quivered)
Armour
 a - a +0 animal skin
 r - the +2 robe of Benevolence {rPois rC- Regen+ rCorr}
   (You found it on level 7 of the Dungeon)

   It makes you vulnerable to cold.
   It protects you from poison.
   It increases your rate of regeneration.
   It protects you from acid and corrosion.
 s - a +0 robe
 I - the +4 moon troll leather armour (worn) {Spirit, Regen++ MP+5}
   (You found it on level 7 of the Dungeon)

   It affects your magic capacity (+5).
   It increases your rate of regeneration.
Jewellery
 n - an uncursed ring of magical power
Wands
 d - a wand of paralysis (13/24)
 m - a wand of iceblast (7/15)
 q - a wand of paralysis (16/24)
 A - a wand of disintegration (6/24)
 C - a wand of acid (4/15)
 F - a wand of enslavement (8/24)
Scrolls
 c - 8 scrolls of teleportation
 f - a scroll of magic mapping
 g - a scroll of blinking
 h - 3 scrolls of remove curse
 k - 4 scrolls of immolation
 l - 3 scrolls of fog
 w - 3 scrolls of amnesia
 y - 2 scrolls of recharging
 B - a scroll of enchant weapon {unknown}
Potions
 e - a potion of invisibility
 i - a potion of flight
 j - a potion of heal wounds {unknown}
 o - a potion of brilliance {unknown}
 p - a potion of mutation
 v - a potion of curing {unknown}
 z - 2 potions of haste
 E - a potion of might {unknown}
Books
 x - a book of Maledictions

   Spells                             Type                      Level
   a - Corona                         Hexes                        1
   b - Ensorcelled Hibernation        Hexes/Ice                    2
   c - Confuse                        Hexes                        3
   d - Tukima's Dance                 Hexes                        3
   e - Dazzling Spray                 Conjuration/Hexes            3
   Trog disapproves of the use of such an item.
 D - a book of Flames

   Spells                             Type                      Level
   a - Flame Tongue                   Conjuration/Fire             1
   b - Throw Flame                    Conjuration/Fire             2
   c - Conjure Flame                  Conjuration/Fire             3
   d - Inner Flame                    Hexes/Fire                   3
   e - Sticky Flame                   Conjuration/Fire             4
   f - Fireball                       Conjuration/Fire             5
   Trog disapproves of the use of such an item.
Comestibles
 b - 6 bread rations
 t - 2 royal jellies
 u - a meat ration
 H - 2 fruits
 K - a chunk of flesh


   Skills:
 * Level 4.9 Fighting
 + Level 1.1 Maces & Flails
 + Level 1.1 Armour
 + Level 4.6 Dodging
 + Level 1.0 Stealth
 * Level 10.7 Unarmed Combat


You had 8 spell levels left.
You didn't know any spells.

Dungeon Overview and Level Annotations

Branches:
Dungeon (8/15)             Temple (1/1) D:5
   Lair: D:8-11

Altars:
Cheibriados
Dithmenos
Elyvilon
Gozag
Makhleb
Okawaru
Ru
Uskayaw
Zin

Shops:
D:5 }   D:6 [


Innate Abilities, Weirdness & Mutations

You are too large for most types of armour.
You have claws for hands.
Your metabolism is lightning-fast.
You like to eat raw meat.
Your natural rate of healing is unusually fast.
You are covered in thick fur. (AC +2)
You have very tough skin. (AC +2)
You have a pair of small horns on your head.
You are agile. (Dex +2)
You expend magic power (3 MP) to strengthen your wands.


Message History

* * * LOW HITPOINT WARNING * * *
You feel very sick.
You feel very sick.
You feel very sick.
You feel sick.
You feel sick.
There is an open door here.
You feel sick.
You feel sick.
You feel sick.
You feel sick.
A red film seems to cover your vision as you go berserk!
You feel yourself moving faster!
You feel mighty!
You feel sick. The soldier ant stings you!
* * * LOW HITPOINT WARNING * * *
You are lethally poisoned!
The soldier ant poisons you!
Your moon troll leather armour prevents you from hitting the soldier ant.
Your headbutt misses the soldier ant.
You die...

####..#......#
..#...#......#
..#...#......#
.[#...#......#
..'...#......#
..#...#......#
###..##......#
#........#########
#.......>#...'@..#
#........#...#a.##
#........'...#aa#
#........#'###..#
##########..##a##
......'ao# .
......#oa# ..
......#.a# ..
+......#..# ..


You could see 6 soldier ants, a worker ant and 2 orcs.

Vanquished Creatures
  Sigmund (D:5)
  The ghost of vineage the Slasher, an amateur DsGl (D:4)
  A soldier ant (D:8)
  2 ice beasts
  An ogre (D:8)
  A phantom (D:5)
  A black bear (D:7)
  A necrophage (D:6)
  2 centaurs
  Blork the orc (D:4)
  A big kobold (D:5)
  A bullfrog (D:7)
  A gnoll sergeant (D:7)
  A wyvern skeleton (D:6)
  A scorpion (D:6)
  4 killer bees (D:8)
  3 howler monkeys
  3 crimson imps
  5 hounds
  A jelly (D:6)
  2 orc priests (D:6)
  An orc wizard (D:6)
  2 iguanas (D:7)
  11 worker ants
  2 worker ant zombies
  Robin (D:3)
  A howler monkey zombie (D:5)
  6 adders
  5 gnolls (D:7)
  2 shadow imps
  2 worms
  2 dart slugs
  6 leopard geckos
  16 orcs
  A ball python (D:3)
  6 bats
  7 giant cockroaches
  16 goblins
  12 hobgoblins
  6 jackals
  10 kobolds
  5 quokkas
  A ball python skeleton (D:5)
  3 frilled lizards
  A leopard gecko zombie (D:5)
  A quokka skeleton (D:4)
  14 rats
  2 bushes (D:5)
  5 plants
182 creatures vanquished.

Notes
Turn   | Place    | Note
-------+----------+-------------------------------------------
     0 | D:1      | Zedayar the Troll Berserker began the quest for the Orb.
     0 | D:1      | Reached XP level 1. HP: 22/22 MP: 0/0
   137 | D:1      | Reached XP level 2. HP: 29/29 MP: 1/1
   284 | D:1      | Reached ** piety under Trog
   330 | D:1      | Reached XP level 3. HP: 36/36 MP: 2/2
  1353 | D:2      | Reached skill level 4 in Unarmed Combat
  1558 | D:2      | Reached XP level 4. HP: 44/44 MP: 3/3
  2080 | D:3      | Noticed Robin
  2119 | D:3      | Killed Robin
  2133 | D:3      | Got an ichor-stained helmet
  2162 | D:3      | Found a shadowy altar of Dithmenos.
  2411 | D:3      | Found a hide-covered altar of Uskayaw.
  2716 | D:4      | Noticed Blork the orc
  2731 | D:4      | Killed Blork the orc
  2731 | D:4      | Reached skill level 5 in Unarmed Combat
  2731 | D:4      | Reached XP level 5. HP: 19/53 MP: 4/4
  3138 | D:4      | Noticed vineage's ghost (amateur DsGl)
  3150 | D:4      | Killed vineage's ghost
  3150 | D:4      | Reached *** piety under Trog
  3150 | D:4      | Reached XP level 6. HP: 61/61 MP: 5/5
  3360 | D:4      | Reached skill level 6 in Unarmed Combat
  3574 | D:5      | Entered Level 5 of the Dungeon
  3623 | D:5      | Found Mihuump's Gadget Boutique.
  3943 | D:5      | Reached XP level 7. HP: 62/67 MP: 6/6
  4005 | D:5      | Reached skill level 7 in Unarmed Combat
  4008 | D:5      | Found a staircase to the Ecumenical Temple.
  4028 | Temple   | Entered the Ecumenical Temple
  4221 | D:5      | Noticed Sigmund
  4232 | D:5      | Killed Sigmund
  4348 | D:6      | Found Ihuciowk's Antique Armour Shop.
  4375 | D:6      | Reached skill level 8 in Unarmed Combat
  4375 | D:6      | Reached XP level 8. HP: 50/78 MP: 7/7
  4592 | D:6      | Reached **** piety under Trog
  4719 | D:6      | Reached skill level 9 in Unarmed Combat
  4768 | D:6      | Found a snail-covered altar of Cheibriados.
  4785 | D:6      | Found an iron altar of Okawaru.
  4785 | D:6      | Found a burning altar of Makhleb.
  4785 | D:6      | Found a sacrificial altar of Ru.
  5070 | D:7      | Gained mutation: You are agile. (Dex +2) [potion of mutation]
  5070 | D:7      | Gained mutation: You expend magic power (3 MP) to strengthen your wands. [potion of mutation]
  5070 | D:7      | Gained mutation: You are covered in thick fur. (AC +2) [potion of mutation]
  5070 | D:7      | Gained mutation: You have a pair of small horns on your head. [potion of mutation]
  5071 | D:7      | Found an opulent altar of Gozag.
  5112 | D:7      | Got an ancient robe
  5123 | D:7      | Identified the +2 robe of Benevolence {rPois rC- Regen+ rCorr} (You found it on level 7 of the Dungeon)
  5170 | D:7      | Reached skill level 10 in Unarmed Combat
  5324 | D:7      | Reached XP level 9. HP: 84/84 MP: 8/8
  5487 | D:7      | Reached skill level 1 in Stealth
  5593 | D:7      | Got a translucent chain mail
  5755 | D:8      | Reached ***** piety under Trog
  5919 | D:8      | Received a gift from Trog
  6048 | D:8      | Reached skill level 1 in Armour
  6075 | D:8      | Reached skill level 1 in Maces & Flails
  6089 | D:8      | HP: 4/86 [poisoned by a soldier ant]
  6090 | D:8      | HP: 1/129 [soldier ant (5)]
  6091 | D:8      | Succumbed to a soldier ant's poison

Skill      XL: |  1  2  3  4  5  6  7  8  9 |
---------------+----------------------------+-----
Dodging        | 3 4 |  4.6
Unarmed Combat | 4 5 6 8 10 | 10.7
Fighting       | 3 4 |  4.9
Stealth        | 1 |  1.0
Armour         | 1 |  1.1
Maces & Flails | 1 |  1.1

Action                   |  1- 3 |  4- 6 |  7- 9 || total
-------------------------+-------+-------+-------++-------
Melee: Unarmed           |   101 |   206 |   186 ||   493
       Punch             |       |     5 |     4 ||     9
       Headbutt          |       |       |    13 ||    13
       Giant club        |       |       |    42 ||    42
Invok: Berserk           |       |     5 |     7 ||    12
       Trog's Hand       |       |     1 |       ||     1
  Use: Scroll            |       |     9 |     1 ||    10
       Potion            |       |       |     3 ||     3
  Eat: Chunk             |    13 |    29 |    28 ||    70
Armor: Animal skin       |    63 |    50 |    50 ||   163
       Robe              |       |       |     6 ||     6
       Troll leather arm |       |       |    93 ||    93
Dodge: Dodged            |    78 |    89 |   239 ||   406
